 Dungeon Crawl Stone Soup version 0.28.0 (webtiles) character file.

Game seed: 14482748391065094045

62 Dani the Chiller (level 4, -5/1 (30) HPs)
             Began as a Formicid Ice Elementalist on Feb 5, 2022.
             Slain by a worm (6 damage)
             ... on level 3 of the Dungeon.
             The game lasted 00:12:01 (2408 turns).

Dani the Chiller (Formicid Ice Elementalist)        Turns: 2408, Time: 00:12:01

HP:   -5/1 (30)     AC: 10    Str: 14    XL:     4   Next: 28%
MP:   5/8           EV: 10    Int: 15    God:
Gold: 114           SH:  5    Dex: 11    Spells: 2/9 levels left

rFire   . . .      SeeInvis +   u - +0 mace
rCold   . . .      Faith    .   (no shield)
rNeg    . . .      Spirit   .   p - +0 ring mail
rPois   .          Reflect  +   (helmet unavailable)
rElec   .          Harm     .   (no cloak)
rCorr   +          Rampage  .   n - +0 pair of gloves
Will    .....                   (no boots)
Stlth   +.........              v - amulet of reflection
HPRegen 0.01/turn               s - +4 ring of protection
MPRegen 0.11/turn               g - ring of resist corrosion

@: extremely drained
A: permanent stasis, dig shafts and tunnels, antennae 3, four strong arms
a: Dig, Shaft Self


You were on level 3 of the Dungeon.
You visited 1 branch of the dungeon, and saw 3 of its levels.

You collected 114 gold pieces.

Inventory:

Hand Weapons
 d - a +0 whip
   (You took it off a kobold on level 1 of the Dungeon)
 f - a +0 dagger
   (You found it on level 1 of the Dungeon)
 h - a +0 club
   (You took it off a goblin on level 1 of the Dungeon)
 i - a +0 short sword
   (You took it off a kobold on level 1 of the Dungeon)
 u - a +0 mace (weapon)
   (You found it on level 2 of the Dungeon)
Missiles
 e - 23 stones (quivered)
Armour
 a - a +0 robe
 c - a +0 ring mail
   (You found it on level 1 of the Dungeon)
 n - a +0 pair of gloves (worn)
   (You found it on level 1 of the Dungeon)
 p - a +0 ring mail (worn)
   (You found it on level 1 of the Dungeon)
 q - a +0 leather armour
   (You found it on level 1 of the Dungeon)
Jewellery
 g - a ring of resist corrosion (right hand)
   (You found it on level 2 of the Dungeon)
 s - a +4 ring of protection (left hand)
   (You found it on level 2 of the Dungeon)
 v - an amulet of reflection (around neck)
   (You found it on level 1 of the Dungeon)
Scrolls
 b - 2 scrolls of identify {unknown}
 o - a scroll of enchant armour {unknown}
 t - a scroll of teleportation {unknown}
 x - a scroll of immolation {unknown}
Potions
 j - a potion of attraction {unknown}
 k - a potion of flight {unknown}
 l - 2 potions of mutation {unknown}
 r - a potion of cancellation {unknown}
 w - a potion of invisibility {unknown}


   Skills:
 * Level 2.9 Axes
 - Level 1.7 Dodging
 - Level 2.4 Stealth
 - Level 3.0 Spellcasting
 - Level 4.0 Ice Magic


You had 2 spell levels left.
You knew the following spells:

 Your Spells              Type           Power      Damage    Failure   Level
a - Freeze                Ice            56%        1d7       8%          1
b - Frozen Ramparts       Ice            28%        1d4       24%         3
c - Ozocubu's Armour      Ice            14%        N/A       24%         3

Your spell library contained the following spells:

 Spells                   Type           Power      Damage    Failure   Level
 Inner Flame              Hex/Fire       2%         N/A       77%         3
 Hailstorm                Conj/Ice       8%         3d4       87%         4
 Cause Fear               Hex            1%         N/A       99%         4
 Summon Lightning Spire   Summ/Air       2%         N/A       99%         4
 Storm Form               Tmut/Air       1%         N/A       100%        7
 Discord                  Hex            1%         N/A       100%        8
 Maxwell's Capacitive Co  Air            1%         ∞         100%        8


Dungeon Overview and Level Annotations

Branches:
Dungeon (3/15)

Altars:

Shops:
D:1 **

Portals:
Sewer: D:3


Innate Abilities, Weirdness & Mutations

You cannot be hasted, slowed, berserked, paralysed or teleported.
You can dig through walls and to a lower floor.
You have a pair of large antennae on your head. (SInv)
Your four strong arms can wield two-handed weapons with a shield.


Message History

There is a stone staircase leading up here.
You extend your mandibles.
You dig through the rock wall.
You feel drained.
You retract your mandibles.
You extend your mandibles.
You dig through the rock wall.
You feel drained.
You dig through the rock wall.
You feel drained.
You dig through the rock wall.
You feel drained.
You dig through the rock wall.
You feel drained.
You dig through the rock wall.
You feel drained.
You dig through the rock wall.
You feel drained.
You dig through the rock wall.
You feel drained.
You dig through the rock wall.
You feel drained.
You dig through the rock wall.
You feel drained.
You dig through the rock wall.
You feel drained.
You dig through the rock wall.
You feel drained.
You dig through the rock wall.
You feel drained.
You dig through the rock wall.
You feel drained.
You dig through the rock wall.
You feel drained.
You dig through the rock wall.
You feel drained.
You dig through the rock wall.
You feel drained.
You dig through the rock wall.
You feel drained.
You dig through the rock wall.
You feel drained.
You dig through the rock wall.
You feel drained.
You dig through the rock wall.
You feel drained.
You dig through the rock wall.
You feel drained.
You dig through the rock wall.
You feel drained.
You dig through the rock wall.
You feel drained.
You dig through the rock wall.
You feel drained.
You dig through the rock wall.
You feel drained.
You dig through the rock wall.
You feel drained.
You dig through the rock wall.
You feel drained.
You dig through the rock wall.
You feel drained.
You dig through the rock wall.
You feel drained.
You dig through the rock wall.
You feel drained.
You dig through the rock wall.
You feel drained.
You dig through the rock wall.
You feel drained.
You dig through the rock wall.
You feel drained.
You dig through the rock wall.
You feel drained.
You dig through the rock wall.
You feel drained.
You dig through the rock wall.
You feel drained.
You dig through the rock wall.
You feel drained.
You dig through the rock wall.
You feel drained.
You dig through the rock wall.
You feel drained.
You dig through the rock wall.
You feel drained.
You dig through the rock wall.
You feel drained.
You dig through the rock wall.
You feel drained.
You dig through the rock wall.
You feel drained.
You hear the slow rusting of a drain very nearby.
This wall is too hard to dig through.
You extend your mandibles.
This wall is too hard to dig through.
You extend your mandibles.
You dig through the rock wall.
You feel drained.
You dig through the rock wall.
You feel drained.
A goblin comes into view. It is wielding a +0 dagger.
Found 16 gold pieces.
The goblin shouts!
Casting: Freeze (safe; 8% risk of failure)
Confirm with . or Enter, or press ? or * to list all spells.
Aiming: Freeze (safe; 8% risk of failure)
Press: ? - help, Shift-Dir - straight line, f - goblin
Aim: a goblin, wielding a +0 dagger You freeze the goblin.
You kill the goblin!
You retract your mandibles.
Things that are here:
a +0 dagger; a goblin corpse
Found a glowing drain.
Found a sedimented puce potion.
You now have enough gold to buy a pair of boots on D:1.
You can access your shopping list by pressing '$'.
You now have 114 gold pieces (gained 16).
A worm comes into view.
A worm comes into view.
Casting: Freeze (safe; 8% risk of failure)
Confirm with . or Enter, or press ? or * to list all spells.
Aiming: Freeze (safe; 8% risk of failure)
Press: ? - help, Shift-Dir - straight line, f - worm
Aim: a worm You freeze the worm.
The worm is moderately wounded.
Casting: Freeze (safe; 8% risk of failure)
Confirm with . or Enter, or press ? or * to list all spells.
Aiming: Freeze (safe; 8% risk of failure)
Press: ? - help, Shift-Dir - straight line, f/p - worm
Aim: a worm (moderately wounded)
You freeze the worm!
The worm is severely wounded.
You block the worm's attack.
Casting: Freeze (safe; 8% risk of failure)
Confirm with . or Enter, or press ? or * to list all spells.
Aiming: Freeze (safe; 8% risk of failure)
Press: ? - help, Shift-Dir - straight line, f/p - worm
Aim: a worm (heavily wounded)
You freeze the worm.
The worm is severely wounded.
The worm bites you.
Ouch! That really hurt!
You die...

*,.!.≈≈≈≈≈≈≈.*
**...####∩≈≈#*
**......##≈≈#
*,,......#≈≈#
*,**#....#≈≈#
*,*
*#...#≈≈###
*,* *#....≈≈##
*,* #...ww≈##
******,***
#....@###
,,,,,,,,,*
####.)##
*,******,*
###.## ,,,,,*
*,* ##.#
,,,,,* *,*
##.# ,,,,,*
*,* #.##
,,,,,* *,* #.#
,,,,,***,* #.#
*,,,,,,,,* #.#


You could see 2 worms.

Vanquished Creatures
  2 adders (D:2)
  2 dart slugs (D:2)
  3 ball pythons
  2 bats
  3 endoplasms
  6 goblins
  6 hobgoblins
  4 kobolds (D:1)
  3 quokkas
  6 rats
37 creatures vanquished.

Notes
Turn   | Place    | Note
-------+----------+-------------------------------------------
     0 | D:1      | Dani the Formicid Ice Elementalist began the quest for the
                  | Orb.
     0 | D:1      | Reached XP level 1. HP: 13/13 MP: 3/3
   214 | D:1      | Found Lacoirgh's General Store.
   216 | D:1      | HP: 3/13 [kobold (5)]
   218 | D:1      | Reached skill level 1 in Axes
   218 | D:1      | Reached XP level 2. HP: 5/19 MP: 0/5
   628 | D:1      | Found Tyzoib's Assorted Antiques.
  1015 | D:1      | Reached XP level 3. HP: 22/22 MP: 5/7
  1019 | D:1      | Learned a level 3 spell: Frozen Ramparts
  1023 | D:1      | Learned a level 3 spell: Ozocubu's Armour
  1274 | D:2      | Found a faded altar of an unknown god.
  1383 | D:2      | Reached skill level 3 in Spellcasting
  1468 | D:2      | Reached skill level 2 in Axes
  1947 | D:2      | Reached XP level 4. HP: 30/30 MP: 5/8
  2386 | D:3      | Found a glowing drain.
  2408 | D:3      | Slain by a worm

Illustrated notes

Levels and vault maps discovered:
D:1:      psy_arrival_whirlpool, layout_rooms, serial_shops, shop,
          shop_fountains, serial_curves, eino_curves_02, eino_curves_02,
          eino_curves_02, eino_curves_02, kennysheep_minor_cross
D:2:      layout_loops_cross, nicolae_ecumenical_pavilion, corexii_corridor_pit
D:3:      layout_basic, grunt_temple_overflow_gold_and_silver,
          cheibrodos_sewer_entry_bend, kennysheep_cross_room,
          minmay_curled_crystal, minmay_misc_feat_rows, bh_walls_and_bars,
          uniq_sigmund

Skill      XL: |  1  2  3 |
---------------+----------+-----
Axes           | 1 2 |  2.9
Spellcasting   | 3 |  3.0
Dodging        | |  1.7
Stealth        | |  2.4
Ice Magic      | |  4.0

Action                   |  1- 3 |  4- 6 || total
-------------------------+-------+-------++-------
Throw: Stone             |     7 |       ||     7
 Cast: Freeze            |    53 |     9 ||    62
       Frozen Ramparts   |     1 |     1 ||     2
 Abil: Dig               |     2 |     4 ||     6
  Use: Scroll            |       |     1 ||     1
Armor: Robe              |     2 |       ||     2
       Ring mail         |     2 |       ||     2
Dodge: Dodged            |    23 |     2 ||    25
Block: Other             |     3 |     2 ||     5

Table legend: (Time is in decaauts)
 A = Elapsed time spent in this place.
 B = Non-inter-level travel time spent in this place.
 C = Inter-level travel time spent in this place.
 D = Time resting spent in this place.
 E = Time spent auto-exploring this place.
 F = Levels seen in this place.
 G = Mean time per level.
                   A        B        C        D        E       F      G
               +--------+--------+--------+--------+--------+-----+--------+
         Total |   2407 |   2307 |    100 |    585 |    973 |   3 |  802.3 |
       Dungeon |   2407 |   2307 |    100 |    585 |    973 |   3 |  802.3 |
               +--------+--------+--------+--------+--------+-----+--------+

Top non-repeatable levels by time:
     D:1: 1275 daAuts
     D:2: 1049 daAuts
     D:3: 82 daAuts

Table legend:
 A = Kills in this place as a percentage of kills in entire the game.
 B = Kills by you in this place as a percentage of kills by you in the entire game.
 C = Kills by friends in this place as a percentage of kills by friends in the entire game.
 D = Other kills in this place as a percentage of other kills in the entire game.
 E = Experience gained in this place as a percentage of experience gained in the entire game.
 F = Experience gained in this place divided by the number of levels of this place that you have seen.
                   A       B       C       D       E      F
               +-------+-------+-------+-------+-------+----------------------
         Total | 100.0 | 100.0 |   N/A |   N/A | 100.0 |  29.7
       Dungeon | 100.0 | 100.0 |   N/A |   N/A | 100.0 |  29.7
               +-------+-------+-------+-------+-------+----------------------
